 Dungeon Crawl Stone Soup version 0.19-a0-1073-g541410e (webtiles) character file.

190 AlphabetPasta the Skirmisher (level 5, -1/46 HPs)
             Began as a Draconian Abyssal Knight on Aug 5, 2016.
             Was a Believer of Lugonu.
             Slain by a slave (5 damage)
             ... led by Pikel
             ... on level 3 of the Dungeon.
             The game lasted 00:13:07 (4217 turns).

AlphabetPasta the Skirmisher (DrAK)                 Turns: 4217, Time: 00:13:07

Health: -1/46      AC:  8    Str: 16    XL:     5   Next: 41%
Magic:  7/7        EV: 12    Int: 12    God:    Lugonu [**....]
Gold:   150        SH:  0    Dex: 10    Spells: 0 memorised, 4 levels left

rFire  . . .     SeeInvis .     a - +1 hand axe
rCold  . . .     Gourm    .     (armour unavailable)
rNeg   . . .     Faith    .     (no shield)
rPois  .         Spirit   .     p - +2 hat
rElec  .         Dismiss  .     t - +0 cloak
rCorr  .         Reflect  .     (no gloves)
SustAt .         Harm     .     (no boots)
MR     .....                    (no amulet)
Stlth  +.........               (no ring)
                                (no ring)

@:
A: unfitting armour, cold-blooded, AC +5
a: Depart the Abyss, Bend Space, Renounce Religion


You were on level 3 of the Dungeon.
You worshipped Lugonu.
Lugonu was pleased with you.
You were not hungry.

You visited 1 branch of the dungeon, and saw 4 of its levels.
You visited the Abyss 1 time.

You collected 150 gold pieces.

Inventory:

Hand Weapons
 a - a +1 hand axe (weapon)
Armour
 p - a +2 hat (worn)
 t - a +0 cloak (worn)
Jewellery
 s - a +3 ring of intelligence {unknown}
Scrolls
 d - a scroll of teleportation {unknown}
 e - 3 scrolls of remove curse {unknown}
 f - 2 scrolls of enchant weapon {unknown}
 g - 3 scrolls of identify {unknown}
 l - a scroll of magic mapping {unknown}
 n - a scroll of amnesia {unknown}
 r - a scroll of fear {unknown}
Potions
 c - 3 potions of curing {unknown}
 h - a potion of ambrosia {unknown}
 i - a potion of brilliance {unknown}
 j - a potion of beneficial mutation {unknown}
 m - 3 potions of agility {unknown}
 o - a potion of heal wounds {unknown}
 q - a potion of resistance {unknown}
Comestibles
 b - 3 bread rations
 k - a meat ration


   Skills:
 + Level 4.1 Fighting
 * Level 3.9 Axes
 + Level 2.9 Dodging
 + Level 3.3 Invocations


You had 4 spell levels left.
You didn't know any spells.

Dungeon Overview and Level Annotations

Branches:
Dungeon (4/15)
 Temple: D:4-7

Altars:
Ashenzari
Makhleb
Okawaru

Annotations:
D:3 tijit's ghost, amateur MfSk
D:4 Pikel


Innate Abilities, Weirdness & Mutations

Your plain brown scales are hard. (AC +5)
Your body does not fit into most forms of armour.
You are cold-blooded and may be slowed by cold attacks.


Message History

* * * LOW HITPOINT WARNING * * *
You hit the slave.
The slave is severely wounded.
The slave hits you.
* * * LOW HITPOINT WARNING * * *
You hit the slave.
The slave is severely wounded.
The slave completely misses you.
You closely miss the slave. You tail-slap the slave.
The slave is almost dead.
The slave hits you.
* * * LOW HITPOINT WARNING * * *
You closely miss the slave.
The slave is almost dead.
The slave barely misses you.
You closely miss the slave.
You tail-slap the slave, but do no damage.
The slave is almost dead.
The slave hits you.
You die...

....#.#.##........# #...........#
....#.#.##...#....# #...........#
....+.#.##...#.######...........#
....###.###..#.###..............#
##....#.# #.>...##..............#
#.##.#.###.#...#...............#
#.##.#.....#...#...............#
##.##.#..##.....#....####.#######
...##.#.......#.@....# #........
###......#..#.#p##...# #..######
#.#.##.#....#.##...# #..# #
#.#....#....#.##...# #..# #
###.#......#..#.##...####..#
..#.##........#......+.....#
#.#.#########.####...#####.#
#.#.# #..............# #...#
################


You could see a slave.

Vanquished Creatures
  2 slaves (D:3)
  Ijyb (D:2)
  8 adders
  3 worms
  3 giant geckos
  An orc (D:3)
  11 giant cockroaches
  10 goblins
  6 hobgoblins
  8 kobolds
  A quokka (D:2)
  16 bats
  4 giant newts
  8 rats
82 creatures vanquished.

Notes
Turn   | Place    | Note
-------+----------+-------------------------------------------
     0 | Abyss:1  | AlphabetPasta the Draconian Abyssal Knight began the quest for the Orb.
     0 | Abyss:1  | Reached XP level 1. HP: 19/19 MP: 2/2
   172 | Abyss:1  | Noticed a large abomination
   172 | D:1      | Escaped the Abyss
   518 | D:1      | Reached XP level 2. HP: 25/26 MP: 3/3
   588 | D:1      | Reached * piety under Lugonu
  1236 | D:2      | Found a shattered altar of Ashenzari.
  1263 | D:2      | Reached XP level 3. HP: 24/31 MP: 4/4
  1774 | D:2      | Noticed Ijyb
  1816 | D:2      | Killed Ijyb
  1816 | D:2      | Reached XP level 4. HP: 24/40 MP: 4/6
  1885 | D:2      | Reached ** piety under Lugonu
  2358 | D:2      | Reached skill level 4 in Fighting
  2558 | D:2      | Reached XP level 5. HP: 44/46 MP: 7/7
  3049 | D:3      | Found an iron altar of Okawaru.
  3081 | D:3      | Found a burning altar of Makhleb.
  3091 | D:3      | Noticed tijit's ghost (amateur MfSk)
  3378 | D:3      | Reached *** piety under Lugonu
  3698 | D:4      | Noticed a slave
  3698 | D:4      | Noticed a slave
  3700 | D:4      | Noticed Pikel
  3703 | D:4      | Noticed a slave
  3722 | D:3      | Killed a slave
  3809 | D:3      | Killed a slave
  4076 | D:4      | Noticed a slave
  4203 | D:3      | HP: 2/46 [slave[Pikel] (5)]
  4217 | D:3      | Slain by a slave

Vault maps used:
D:1:      lightli_arrival_maybe_door_vault
D:2:      minmay_roachtagon, evilmike_ruin_ashenzari, uniq_iyjb
D:3:      nicolae_overflow_hidden_temple, lemuel_crystal_altar
D:4:      vehumet_crystals, eat_drink_and_be_merry_uskayaw, st_stairs_11,
          elyvilon_altar_4, uniq_pikel
Abyss:1:  small_statue_intersection

Skill      XL: |  1  2  3  4 |
---------------+-------------+-----
Axes           | 3 |  3.9
Invocations    | 3 |  3.3
Fighting       | 4 |  4.1
Dodging        | |  2.9

Action                   |  1- 3 |  4- 6 || total
-------------------------+-------+-------++-------
Melee: Hand axe          |   169 |   221 ||   390
       Tailslap          |    15 |    25 ||    40
Invok: Depart the Abyss  |     1 |       ||     1
 Stab: Sleeping          |       |     1 ||     1
  Eat: Chunk             |     3 |     5 ||     8
       Meat ration       |       |     1 ||     1
       Beef jerky        |       |     1 ||     1
Armor: Skin              |    59 |    70 ||   129
Dodge: Dodged            |   108 |   124 ||   232
